 Dungeon Sprint DCSS version 0.21.2 (webtiles) character file.

669 schets the Destroyer (level 7, -7/56 HPs)
             Began as a Gnoll Conjurer on Oct 13, 2018.
             Mangled by a human
             ... wielding a +0 mace
              (15 damage)
             ... in the Dungeon (Sprint III: "The Ten Rune Challenge").
             The game lasted 00:02:34 (937 turns).

schets the Destroyer (Gnoll Conjurer)                Turns: 937, Time: 00:02:35

Health: -7/56      AC:  3    Str: 10    XL:     7   Next: 58%
Magic:  14/18      EV: 17    Int: 20    God:
Gold:   35         SH:  0    Dex: 15    Spells: 11/21 levels left

rFire    . . .     SeeInvis .   e - +4 quarterstaff (chaos)
rCold    . . .     Gourm    .   (shield currently unavailable)
rNeg     . . .     Faith    .   a - +0 robe
rPois    +         Spirit   .   (helmet restricted)
rElec    .         Reflect  .   h - +0 cloak
rCorr    .         Harm     .   (no gloves)
MR       .....     NoTele   +   (no boots)
Stlth    ++++......             (no amulet)
HPRegen  0.18/turn              (no ring)
MPRegen  0.16/turn              (no ring)

@: very slightly contaminated
A: distributed training, fangs 1, horns 1, poison resistance, strong nose
a: no special abilities


You were in the Dungeon.
You were hungry.

You visited 1 branch You collected 35 gold pieces.

Inventory:

Hand Weapons
 e - a +4 quarterstaff of chaos (weapon)
Missiles
 j - 8 tomahawks of returning (quivered)
Armour
 a - a +0 robe (worn)
 h - a +0 cloak (worn)
Scrolls
 l - 2 scrolls of immolation {unknown}
 m - a scroll of identify {unknown}
 n - 2 scrolls of remove curse {unknown}
 p - a scroll of fear {unknown}
Potions
 f - a potion of haste
 k - 4 potions of mutation
 o - a potion of might
 q - a potion of flight {unknown}
Books
 b - a book of Conjurations

   Spells                             Type                      Level
   a - Magic Dart                     Conjuration                  1
   b - Searing Ray                    Conjuration                  2
   c - Dazzling Spray                 Conjuration/Hexes            3
   d - Fulminant Prism                Conjuration/Hexes            4
   e - Force Lance                    Conjuration/Translocation    4
   f - Iskenderun's Mystic Blast      Conjuration                  4
 r - a book of Misfortune

   Spells                             Type                      Level
   a - Confusing Touch                Hexes                        1
   b - Confuse                        Hexes                        3
   c - Gell's Gravitas                Translocation                3
   d - Petrify                        Transmutation/Earth          4
   e - Metabolic Englaciation         Hexes/Ice                    5
   f - Yara's Violent Unravelling     Hexes/Transmutation          5
Comestibles
 c - 3 rations


   Skills:
 + Level 5.5 Fighting
 + Level 5.5 Short Blades
 + Level 5.5 Long Blades
 + Level 5.5 Axes
 + Level 5.5 Maces & Flails
 + Level 5.5 Polearms
 + Level 5.5 Staves
 + Level 5.5 Slings
 + Level 5.5 Bows
 + Level 5.5 Crossbows
 + Level 5.5 Throwing
 + Level 5.5 Armour
 + Level 7.3 Dodging
 + Level 7.0 Stealth
 + Level 5.5 Shields
 + Level 5.5 Unarmed Combat
 + Level 7.6 Spellcasting
 + Level 8.6 Conjurations
 + Level 4.6 Hexes
 + Level 4.6 Charms
 + Level 4.6 Summonings
 + Level 4.6 Necromancy
 + Level 4.6 Translocations
 + Level 4.6 Transmutations
 + Level 4.6 Fire Magic
 + Level 4.6 Ice Magic
 + Level 4.6 Air Magic
 + Level 4.6 Earth Magic
 + Level 4.6 Poison Magic
 + Level 6.1 Invocations
 + Level 5.5 Evocations


You had 11 spell levels left.
You knew the following spells:

 Your Spells              Type           Power        Failure   Level  Hunger
a - Magic Dart            Conj           ####         1%          1    None
b - Searing Ray           Conj           #####.       1%          2    None
c - Dazzling Spray        Conj/Hex       ####..       1%          3    None
d - Fulminant Prism       Conj/Hex       ####......   6%          4    ###....


Dungeon Overview and Level Annotations

Branches:
Dungeon (1/1)

Altars:
Elyvilon
Kikubaaqudgha
Okawaru
Sif Muna
Trog
Uskayaw
Vehumet
Wu Jian
Zin
The Shining One
Beogh


Innate Abilities, Weirdness & Mutations

Your experience applies equally to all skills.
You have very sharp teeth.
Your uncanny sense of smell can sniff out nearby items.
You have a pair of small horns on your head.
Your system is resistant to poisons. (rPois)


Message History

Unknown command.
Unknown command.
Unknown command.
Unknown command.
Unknown command.
Unknown command.
Okay, then.
Blink to where?
Press: ? - help, Dir - move target cursor
As you read the scroll of blinking, it crumbles to dust.
Magic courses through your body.
You hear a shout!
Casting: Fulminant Prism
Confirm with . or Enter, or press ? or * to list all spells.
Aiming: Fulminant Prism
Press: ? - help, Dir - move target cursor You conjure a prism of explosive energy!
You are feeling hungry.
The human hits you with a mace!
You die...

▓▓▓▓▓ ▓▓▓ #...####
##.#########
#......#####..#___#___# ∆
#.......#..#..#.).#__. ∆
##.##...#..#..###'#'###+##∆
##.###..##'#..#..........#
###.##..###..*'p@........#∆
#..##..####...#...######+#
...##..###....#.⌠.#
..##...##.....#...#∆
.##....#......#'###
###..##.#.....#)):# ∆ #
#..#####....#___# ▓ ▓▓▓▓
▓▓▓▓▓▓▓▓▓▓


You could see a human (berserk) and a friendly fulminant prism.

Vanquished Creatures
  A deep elf mage (D)
  A water elemental (D)
  Crazy Yiuf (D)
  A wizard (D)
  2 humans (D)
  A kobold demonologist (D)
  2 oozes (D)
  2 rats (D)
11 creatures vanquished.

Vanquished Creatures (others)
  2 draconian scorchers (D)
  6 hellions (D)
  A yaktaur (D)
  2 fulminant prisms (D)
  A plant (D)
12 creatures vanquished.

Grand Total: 23 creatures vanquished

Notes
Turn   | Place    | Note
-------+----------+-------------------------------------------
     0 | D        | schets the Gnoll Conjurer began the quest for the Orb.
     0 | D        | Reached XP level 1. HP: 13/13 MP: 6/6
     8 | D        | Reached skill level 5 in Spellcasting
    31 | D        | Reached skill level 1 in Fighting
    31 | D        | Reached skill level 1 in Short Blades
    31 | D        | Reached skill level 1 in Long Blades
    31 | D        | Reached skill level 1 in Axes
    31 | D        | Reached skill level 1 in Maces & Flails
    31 | D        | Reached skill level 1 in Polearms
    31 | D        | Reached skill level 1 in Staves
    31 | D        | Reached skill level 1 in Slings
    31 | D        | Reached skill level 1 in Bows
    31 | D        | Reached skill level 1 in Crossbows
    31 | D        | Reached skill level 1 in Throwing
    31 | D        | Reached skill level 1 in Armour
    31 | D        | Reached skill level 1 in Shields
    31 | D        | Reached skill level 1 in Unarmed Combat
    31 | D        | Reached skill level 1 in Invocations
    31 | D        | Reached skill level 1 in Evocations
    31 | D        | Reached XP level 2. HP: 12/21 MP: 2/8
    86 | D        | Learned a level 2 spell: Searing Ray
    90 | D        | Killed a hellion
    95 | D        | Killed a hellion
   148 | D        | Killed a hellion
   159 | D        | Reached skill level 1 in Hexes
   159 | D        | Reached skill level 1 in Charms
   159 | D        | Reached skill level 1 in Summonings
   159 | D        | Reached skill level 1 in Necromancy
   159 | D        | Reached skill level 1 in Translocations
   159 | D        | Reached skill level 1 in Transmutations
   159 | D        | Reached skill level 1 in Fire Magic
   159 | D        | Reached skill level 1 in Ice Magic
   159 | D        | Reached skill level 1 in Air Magic
   159 | D        | Reached skill level 1 in Earth Magic
   159 | D        | Reached skill level 1 in Poison Magic
   160 | D        | Killed a hellion
   162 | D        | Killed a hellion
   162 | D        | Killed a hellion
   180 | D        | Reached XP level 3. HP: 27/27 MP: 1/9
   181 | D        | Noticed Crazy Yiuf
   213 | D        | HP: 1/40 [Crazy Yiuf/quarterstaff of chaos (10)]
   216 | D        | Killed Crazy Yiuf
   216 | D        | Reached skill level 5 in Dodging
   216 | D        | Reached XP level 4. HP: 1/33 MP: 1/11
   315 | D        | Killed a yaktaur
   319 | D        | Killed a white draconian scorcher
   394 | D        | Killed a white draconian scorcher
   514 | D        | Learned a level 3 spell: Dazzling Spray
   519 | D        | Learned a level 4 spell: Fulminant Prism
   548 | D        | Gained mutation: You have a pair of small horns on your head. [potion of mutation]
   548 | D        | Gained mutation: You occasionally shout uncontrollably at your foes. [potion of mutation]
   548 | D        | Lost mutation: You occasionally shout uncontrollably at your foes. [potion of mutation]
   548 | D        | Gained mutation: Your system is resistant to poisons. (rPois) [potion of mutation]
   553 | D        | Noticed a water elemental
   561 | D        | Killed a water elemental
   561 | D        | Reached skill level 5 in Stealth
   561 | D        | Reached XP level 5. HP: 41/41 MP: 5/13
   623 | D        | Found a radiant altar of Vehumet.
   623 | D        | Found a deep blue altar of Sif Muna.
   623 | D        | Found an ancient bone altar of Kikubaaqudgha.
   625 | D        | Noticed an orange demon
   659 | D        | Found a glowing silver altar of Zin.
   659 | D        | Found a glowing golden altar of the Shining One.
   659 | D        | Found a white marble altar of Elyvilon.
   659 | D        | Noticed a deep elf mage
   674 | D        | Killed a deep elf mage
   674 | D        | Reached skill level 5 in Fighting
   674 | D        | Reached skill level 5 in Short Blades
   674 | D        | Reached skill level 5 in Long Blades
   674 | D        | Reached skill level 5 in Axes
   674 | D        | Reached skill level 5 in Maces & Flails
   674 | D        | Reached skill level 5 in Polearms
   674 | D        | Reached skill level 5 in Staves
   674 | D        | Reached skill level 5 in Slings
   674 | D        | Reached skill level 5 in Bows
   674 | D        | Reached skill level 5 in Crossbows
   674 | D        | Reached skill level 5 in Throwing
   674 | D        | Reached skill level 5 in Armour
   674 | D        | Reached skill level 5 in Shields
   674 | D        | Reached skill level 5 in Unarmed Combat
   674 | D        | Reached skill level 8 in Conjurations
   674 | D        | Reached skill level 5 in Invocations
   674 | D        | Reached skill level 5 in Evocations
   674 | D        | Reached XP level 6. HP: 19/51 MP: 1/16
   674 | D        | Reached XP level 7. HP: 21/56 MP: 1/17
   916 | D        | Found a hide-covered altar of Uskayaw.
   916 | D        | Found a roughly hewn altar of Beogh.
   916 | D        | Found an iron altar of Okawaru.
   916 | D        | Found a bloodstained altar of Trog.
   916 | D        | Found an ornate altar of the Wu Jian Council.
   916 | D        | Noticed a human
   918 | D        | Noticed a human
   933 | D        | Killed a human
   937 | D        | Mangled by a human

Skill      XL: |  1  2  3  4  5  6  7 |
---------------+----------------------+-----
Spellcasting   | 5 7 |  7.6
Fighting       | 1 2 3 5 |  5.5
Short Blades   | 1 2 3 5 |  5.5
Long Blades    | 1 2 3 5 |  5.5
Axes           | 1 2 3 5 |  5.5
Maces & Flails | 1 2 3 5 |  5.5
Polearms       | 1 2 3 5 |  5.5
Staves         | 1 2 3 5 |  5.5
Slings         | 1 2 3 5 |  5.5
Bows           | 1 2 3 5 |  5.5
Crossbows      | 1 2 3 5 |  5.5
Throwing       | 1 2 3 5 |  5.5
Armour         | 1 2 3 5 |  5.5
Shields        | 1 2 3 5 |  5.5
Unarmed Combat | 1 2 3 5 |  5.5
Invocations    | 1 2 3 5 6 |  6.1
Evocations     | 1 2 3 5 |  5.5
Hexes          | 1 2 4 |  4.6
Charms         | 1 2 4 |  4.6
Summonings     | 1 2 4 |  4.6
Necromancy     | 1 2 4 |  4.6
Translocations | 1 2 4 |  4.6
Transmutations | 1 2 4 |  4.6
Fire Magic     | 1 2 4 |  4.6
Ice Magic      | 1 2 4 |  4.6
Air Magic      | 1 2 4 |  4.6
Earth Magic    | 1 2 4 |  4.6
Poison Magic   | 1 2 4 |  4.6
Dodging        | 5 7 |  7.3
Stealth        | 5 6 7 |  7.0
Conjurations   | 8 |  8.6

Action                   |  1- 3 |  4- 6 |  7- 9 || total
-------------------------+-------+-------+-------++-------
Melee: Unarmed           |     5 |       |       ||     5
       Quarterstaff      |       |    11 |     1 ||    12
       Headbutt          |       |     3 |       ||     3
Throw: Tomahawk          |     1 |     1 |       ||     2
 Cast: Magic Dart        |     8 |       |       ||     8
       Searing Ray       |     3 |     2 |       ||     5
       Dazzling Spray    |       |     4 |     2 ||     6
       Fulminant Prism   |       |       |     3 ||     3
  Use: Potion            |     3 |     2 |     1 ||     6
       Scroll            |       |       |     1 ||     1
 Stab: Invisible         |       |     2 |       ||     2
Armor: Robe              |       |     1 |       ||     1
Dodge: Dodged            |     6 |    12 |     2 ||    20
